Map: Oxide LE

Players

SKillous

  • Race: Protoss Protoss
  • League: Grandmaster

HeroMarine - Winner!

  • Race: Terran Terran
  • League: Master

Event: DreamHack SC2 Masters 2021 Summer

VOD

Have the link to the VOD?

Description

Time

  • Played on: May 27, 2021, 11:24 a.m.
  • Length: 5:43

All games in this series

Show
View Real Time Build Order
Export as new Build Order

SKillous Protoss 

Build Orders: 1 Gate Expand, Oracle Opening, Phoenix Opening 

Get SALT Encoding   

  12  0:00  Probe  
  13  0:12  Probe  
  14  0:17  Pylon  
  14  0:24  Probe (Chrono Boost)  
  15  0:36  Probe (Chrono Boost), Gateway  
  16  0:44  Probe (Chrono Boost)  
  16  0:45  Assimilator  
  17  0:51  Probe  
  18  1:03  Probe  
  19  1:15  Probe  
  20  1:24  Cybernetics Core  
  20  1:33  Nexus  
  20  1:40  Pylon  
  20  1:42  Probe  
  21  1:50  Assimilator  
  21  1:54  Probe  
  21  1:57  Adept (Chrono Boost)  
  24  2:06  Probe  
  25  2:18  Probe, Stargate  
  25  2:20  Adept (Chrono Boost)  
  28  2:31  Probe, Warp Gate  
  29  2:42  Adept  
  31  2:45  Probe (Chrono Boost)  
  31  2:50  Probe (Chrono Boost)  
  33  2:54  Probe (Chrono Boost)  
  33  2:58  Probe (Chrono Boost)  
  35  2:59  Probe (Chrono Boost)  
  35  3:02  Oracle (Chrono Boost)  
  39  3:12  Probe  
  40  3:14  Probe  
  40  3:17  Pylon  
  41  3:24  Probe, Gateway  
  42  3:27  Probe  
  42  3:32  Phoenix  
  45  3:36  Probe  
  45  3:40  Probe  
  47  3:49  Probe, Nexus  
  47  3:52  Probe  
  49  3:57  Pylon  
  49  4:00  Phoenix  
  49  4:02  Probe  
  52  4:07  Probe  
  53  4:14  Probe  
  54  4:19  Probe  
  54  4:23  Twilight Council  
  55  4:25  Phoenix (Chrono Boost), Assimilator  
  55  4:26  Probe, Pylon  
  58  4:31  Probe  
  58  4:37  Adept  
  58  4:38  Probe, Shield Battery  
  60  4:49  Phoenix (Chrono Boost)  
  60  4:51  Probe  
  62  5:00  Probe, Pylon, Adept x2  
  67  5:16  Probe  
  67  5:21  Probe  
  60  5:22  Probe  
  55  5:28  Probe  
Show
View Real Time Build Order
Export as new Build Order

HeroMarine Terran - Winner!

Build Orders: Reaper Expand 

Get SALT Encoding   

  12  0:00  SCV  
  13  0:12  SCV  
  14  0:17  Supply Depot  
  14  0:24  SCV  
  15  0:38  SCV  
  15  0:40  Barracks  
  16  0:43  Refinery  
  16  0:51  SCV  
  17  1:03  SCV  
  18  1:15  SCV  
  19  1:27  Reaper, Orbital Command  
  20  1:41  Command Center  
  20  1:50  Supply Depot  
  20  1:52  SCV  
  21  1:58  Marine  
  22  2:04  SCV  
  22  2:07  Factory  
  23  2:16  SCV, Bunker  
  23  2:20  Barracks Reactor  
  24  2:25  Refinery  
  24  2:28  SCV  
  25  2:40  SCV  
  28  2:51  Hellion  
  28  2:55  Orbital Command, SCV  
  28  2:57  Starport, Marine  
  28  2:58  Marine  
  31  3:07  SCV  
  32  3:13  Factory Tech Lab  
  32  3:15  Marine x2  
  35  3:20  SCV  
  35  3:21  SCV  
  35  3:23  Supply Depot  
  36  3:32  Cyclone  
  36  3:33  Marine x2  
  41  3:34  SCV x2  
  41  3:37  Medivac  
  45  3:45  Supply Depot  
  45  3:46  SCV x2  
  47  3:51  Marine x2  
  49  3:58  SCV x2  
  51  4:04  Cyclone  
  51  4:09  Marine x2  
  56  4:10  SCV x2  
  56  4:11  Supply Depot  
  56  4:12  Viking  
  59  4:22  SCV  
  59  4:23  SCV  
  61  4:27  Marine  
  61  4:30  Supply Depot  
  62  4:32  Marine  
  62  4:35  SCV x2  
  65  4:44  Cyclone  
  66  4:48  Command Center, Viking  
  66  4:50  Marine  
  66  4:51  Marine  
  70  4:53  SCV  
  70  4:56  SCV  
  72  5:05  SCV  
  73  5:07  Marine  
  73  5:08  SCV, Marine  
  76  5:17  SCV  
  76  5:21  SCV  
  75  5:29  SCV, Barracks  
  75  5:31  Barracks  
  75  5:33  Refinery x2  
  75  5:34  Engineering Bay  
Tags
 
Add a new tag
Caveats
  • Supply blocks, unpowered buildings, or Contaminate may cause inaccurate times.
  • Supply counts are checked every 10 seconds.